 Dungeon Crawl Stone Soup version 0.20.1-1-g8b1a95d66d (webtiles) character file.

3288 Jannitor the Grappler (level 10, -2/86 HPs)
             Began as a Ghoul Chaos Knight on Dec 8, 2017.
             Slain by a yak (6 damage)
             ... on level 7 of the Dungeon.
             The game lasted 00:12:59 (5965 turns).

Jannitor the Grappler (Ghoul Chaos Knight)          Turns: 5965, Time: 00:13:00

Health: -2/86      AC:  8    Str: 17    XL:     10   Next: 1%
Magic:  12/12      EV:  9    Int:  7    God:    Xom [..*...]
Gold:   327        SH:  4    Dex: 11    Spells: 9/9 levels left

rFire    . . .     SeeInvis .     - Unarmed
rCold    + . .     Gourm    .   x - +0 buckler
rNeg     + + +     Faith    .   i - +0 scale mail (curse)
rPois    ∞         Spirit   .   (no helmet)
rElec    .         Reflect  .   (no cloak)
rCorr    .         Harm     +   (no gloves)
MR       +....                  p - +0 pair of boots
Stlth    +.........             j - amulet of harm
Regen    0.0/turn               s - ring of protection from magic
MPRegen  0.2/turn               D - ring of stealth

@: rotting
A: rotting body, claws 1, carnivore 3, cold resistance 1, negative energy
resistance 3, inhibited regeneration, torment resistance, unbreathing
a: Renounce Religion


You were on level 7 of the Dungeon.
You worshipped Xom.
You were a toy of Xom.
You were not hungry.

You visited 1 branch of the dungeon, and saw 7 of its levels.
You also visited: Sewer.

You collected 327 gold pieces.

Inventory:

Armour
 a - a +2 leather armour
 i - a cursed +0 scale mail (worn)
 p - a +0 pair of boots (worn)
 x - a +0 buckler (worn)
Jewellery
 j - an amulet of harm (around neck)
 s - a ring of protection from magic (left claw)
 D - a ring of stealth (right claw)
 F - an uncursed ring of wizardry
Wands
 l - a wand of iceblast (9/15)
 q - a wand of iceblast (4/15)
 r - a wand of disintegration (15/24)
 E - a wand of digging (14/24)
Scrolls
 c - 12 scrolls of identify
 g - a scroll of amnesia
 m - 4 scrolls of enchant armour {unknown}
 n - a scroll of immolation {unknown}
 t - 4 scrolls of blinking {unknown}
 v - a scroll of teleportation {unknown}
 w - 4 scrolls of remove curse {unknown}
 y - a scroll of enchant weapon {unknown}
 B - a scroll of magic mapping
 C - a scroll of recharging {unknown}
 G - a scroll of fog {unknown}
Potions
 d - a potion of brilliance {unknown}
 e - 4 potions of curing
 f - 2 potions of agility
 k - 4 potions of flight
 A - a potion of heal wounds
Books
 z - a book of Frost

   Spells                             Type                      Level
   a - Freeze                         Ice                          1
   b - Throw Frost                    Conjuration/Ice              2
   c - Ozocubu's Armour               Charms/Ice                   3
   d - Throw Icicle                   Conjuration/Ice              4
   e - Summon Ice Beast               Ice/Summoning                4
Miscellaneous
 o - a lamp of fire (inert)
Comestibles
 b - 3 meat rations
 u - a royal jelly


   Skills:
 + Level 7.0 Fighting
 + Level 5.4 Armour
 - Level 0.8 Dodging
 + Level 4.2 Shields
 * Level 9.9 Unarmed Combat
 + Level 4.6 Evocations


You had 9 spell levels left.
You didn't know any spells.

Dungeon Overview and Level Annotations

Branches:
Dungeon (7/15)             Temple (0/1) D:7

Altars:
Makhleb
Xom

Annotations:
D:3 2 transporters


Innate Abilities, Weirdness & Mutations

Your body is rotting away.
You thrive on raw meat.
You are immune to poison.
You have sharp fingernails.
You are carnivorous and can eat meat at any time.
Your flesh is cold resistant. (rC+)
You are immune to negative energy. (rN+++)
You do not regenerate when monsters are visible.
You are immune to unholy pain and torment.
You can survive without breathing.


Message History

You kill the human!
Your Fighting skill increases to level 7!
You have reached level 10!
You feel stronger.
You claw the yak!
The yak is moderately wounded.
The yak gores you!
* * * LOW HITPOINT WARNING * * *
You claw the yak!
The yak is heavily wounded.
The yak gores you!
* * * LOW HITPOINT WARNING * * *
You scratch the yak.
The yak is heavily wounded.
The yak gores you!
* * * LOW HITPOINT WARNING * * *
You closely miss the yak.
The yak is heavily wounded.
The yak gores you.
You die...

.....######### #.....# #..##
.....# #.....# #..#. .....# #####
#.....# #..#. .....#
##..†###.....# #.... .....#
#.......b....# ##.#. .....###
##'###.......# #.#.
.##....#..#..#.........#######.#.
......##..#..###Y#####.......#b#.
..#.#.##..'..# #@# #..b....#.#.
..#.#.##..#.%###.#####.......#.#.
.......#..#%%#...................
..#.#.########...#############...
..#.#.# #..(....)# #############
.##_#.# #........# #............
__..#.# #........# #)...........
...._.# #......### #............
..._.####......# #............


You could see a yak.

Vanquished Creatures
  Grinder (D:5)
  A human (D:7)
  3 hogs (D:7)
  Menkaure (D:6)
  An orc warrior (D:7)
  3 phantoms
  An ogre (D:5)
  2 centaurs
  3 bullfrogs
  Dowan (D:5)
  2 howler monkeys
  5 crimson imps
  A quasit (D:6)
  2 centaur skeletons
  4 hounds
  An orc priest (D:3)
  A gnoll shaman (D:6)
  3 orc wizards
  2 worker ants
  A hound zombie (D:7)
  A howler monkey zombie (D:7)
  16 gnolls
  A river rat (D:4)
  9 adders
  10 oozes (Sewer)
  An adder skeleton (D:7)
  5 worms
  4 dart slugs
  14 leopard geckos
  18 orcs
  21 giant cockroaches
  11 hobgoblins
  3 jackals (D:2)
  11 kobolds
  6 quokkas
  10 ball pythons
  15 bats
  17 frilled lizards
  11 goblins
  9 rats
232 creatures vanquished.

Vanquished Creatures (collateral kills)
  Edmund (D:5)
  An ogre (D:5)
  A centaur (D:5)
  Blork the orc (D:5)
  An orc priest (D:5)
  A worker ant (D:5)
  2 gnolls (D:5)
  An orc (D:5)
9 creatures vanquished.

Vanquished Creatures (others)
  A porcupine (D:5)
1 creature vanquished.

Grand Total: 242 creatures vanquished

Notes
Turn   | Place    | Note
-------+----------+-------------------------------------------
     0 | D:1      | Jannitor the Ghoul Chaos Knight began the quest for the Orb.
     0 | D:1      | Reached XP level 1. HP: 19/19 MP: 0/0
   183 | D:1      | Reached XP level 2. HP: 21/26 MP: 1/1
   257 | D:1      | Reached skill level 4 in Unarmed Combat
   415 | D:1      | XOM: cast spell 'Summon Butterflies'
   439 | D:1      | XOM: cast spell 'Cause Fear'
   537 | D:1      | Reached XP level 3. HP: 31/31 MP: 2/2
  1052 | D:1      | XOM: harmless Fire miscast
  1111 | D:2      | XOM: stealth player
  1130 | D:2      | XOM: god gift: flail {god gift}
  1474 | D:2      | Reached XP level 4. HP: 38/38 MP: 3/3
  1506 | D:2      | Reached skill level 5 in Unarmed Combat
  1637 | D:2      | XOM is BORED!
  1637 | D:2      | XOM: medium Air miscast
  1803 | D:2      | XOM: scenery: create altars
  1806 | D:2      | XOM: polymorph hobgoblin -> kobold
  1887 | D:2      | XOM: god gift: lamp of fire
  2029 | D:3      | Reached XP level 5. HP: 45/46 MP: 4/4
  2269 | D:3      | Found a transporter.
  2295 | D:3      | Found a transporter.
  2328 | D:3      | XOM: summons 2 hostile demons
  2357 | D:3      | XOM: 2-stop teleportation journey
  2419 | D:3      | XOM: scenery: create altars
  2790 | D:4      | Noticed a phantom
  2811 | D:4      | Killed a phantom
  2811 | D:4      | Reached skill level 6 in Unarmed Combat
  2811 | D:4      | Reached skill level 1 in Evocations
  2811 | D:4      | Reached XP level 6. HP: 32/52 MP: 5/5
  2973 | D:4      | XOM: scenery: 2 doors close
  3102 | D:4      | XOM: 1-stop teleportation journey
  3425 | D:5      | Entered Level 5 of the Dungeon
  3425 | D:5      | Noticed Duvessa
  3440 | D:4      | XOM: polymorph frilled lizard -> river rat
  3496 | D:5      | XOM: summons 4 hostile shadow creatures
  3497 | D:5      | Noticed Dowan
  3530 | D:4      | Reached XP level 7. HP: 19/60 MP: 7/7
  3587 | D:5      | Noticed Blork the orc
  3591 | D:5      | XOM: mild Chrm miscast
  3599 | D:5      | XOM: summons friendly chaos spawn
  3601 | D:5      | Killed Blork the orc
  3619 | D:5      | Reached skill level 1 in Shields
  3683 | D:5      | Noticed Edmund
  3695 | D:5      | Killed Edmund
  3695 | D:5      | Reached skill level 7 in Unarmed Combat
  3708 | D:5      | Reached skill level 5 in Fighting
  3751 | D:5      | Reached XP level 8. HP: 53/68 MP: 8/8
  3823 | D:5      | XOM: god gift: wand of iceblast (?/15) {god gift}
  3838 | D:5      | Found a glowing drain.
  3838 | D:5      | XOM: enchant monster (good)
  3865 | Sewer    | Entered a sewer
  4098 | Sewer    | XOM: god gift: 19 stones
  4361 | D:5      | XOM: summons friendly quasit
  4402 | D:5      | Reached skill level 8 in Unarmed Combat
  4567 | D:5      | Noticed Duvessa
  4567 | D:5      | Duvessa changed into Duvessa the porcupine
  4567 | D:5      | XOM: polymorph Duvessa -> Duvessa the porcupine
  4572 | D:5      | Killed Duvessa the porcupine
  4572 | D:5      | XOM: destruction
  4579 | D:5      | Killed Dowan
  4603 | D:5      | XOM: cloud trail
  4716 | D:5      | Noticed Grinder
  4718 | D:5      | XOM: cast spell 'Chain of Chaos'
  4727 | D:5      | Killed Grinder
  4727 | D:5      | Reached XP level 9. HP: 69/75 MP: 10/10
  4879 | D:5      | Found a burning altar of Makhleb.
  4972 | D:6      | XOM: polymorph orc warrior -> howler monkey
  5265 | D:6      | Reached skill level 9 in Unarmed Combat
  5283 | D:6      | Reached skill level 5 in Armour
  5294 | D:6      | Noticed Menkaure
  5308 | D:6      | Killed Menkaure
  5427 | D:7      | XOM: fake destruction
  5448 | D:7      | XOM: scenery: create altars
  5528 | D:7      | XOM: scenery: create altars
  5551 | D:7      | XOM: confuse monster(s)
  5749 | D:7      | Found a staircase to the Ecumenical Temple.
  5799 | D:7      | XOM: harmless Fire miscast
  5936 | D:7      | XOM: cast spell 'Summon Butterflies'
  5954 | D:7      | XOM: divination: detect creatures
  5961 | D:7      | Reached XP level 10. HP: 36/86 MP: 12/12
  5964 | D:7      | HP: 4/86 [yak (10)]
  5965 | D:7      | Slain by a yak

Skill      XL: |  1  2  3  4  5  6  7  8  9 |
---------------+----------------------------+-----
Unarmed Combat | 4 5 6 7 8 9 |  9.9
Armour         | 2 3 4 5 |  5.4
Fighting       | 4 5 7 |  7.0
Evocations     | 1 2 3 4 |  4.6
Shields        | 2 3 4 |  4.2
Dodging        | |  0.8

Action                   |  1- 3 |  4- 6 |  7- 9 | 10-12 || total
-------------------------+-------+-------+-------+-------++-------
Melee: Unarmed           |   176 |   232 |   518 |     4 ||   930
       Punch             |     2 |     2 |       |       ||     4
Evoke: Lamp of fire      |       |       |     1 |       ||     1
  Use: Potion            |       |       |     6 |       ||     6
       Scroll            |       |       |     3 |       ||     3
 Stab: Invisible         |       |       |     1 |       ||     1
       Confused          |       |       |     3 |       ||     3
  Eat: Chunk             |     8 |    10 |    74 |       ||    92
Armor: Leather armour    |    58 |       |       |       ||    58
       Scale mail        |    44 |   101 |   208 |       ||   353
Dodge: Dodged            |   103 |    88 |   252 |       ||   443
Block: Buckler           |       |     6 |    93 |       ||    99
